 Dungeon Crawl Stone Soup version 0.28-a0-1236-gb25a51b929 (webtiles) character file.

Game seed: 16554098788231786702

195046 Snarg the Bludgeoner (level 17, -2/135 HPs)
             Began as a Demigod Wanderer on Dec 19, 2021.
             Succumbed to Aizul's poison arrow
             ... on level 4 of the Swamp on Dec 26, 2021.
             The game lasted 06:22:27 (66373 turns).

Snarg the Bludgeoner (Demigod Wanderer)            Turns: 66373, Time: 06:22:28

Health: -2/135     AC: 28    Str: 25 (26) XL:     17   Next: 12%
Magic:  22/28      EV: 13    Int: 24 (28) God:
Gold:   1643       SH:  6    Dex: 19      Spells: 8/26 levels left

rFire   . . .      SeeInvis .   b - +3 eveningstar (protect)
rCold   . . .      Faith    .   v - +0 buckler {rN+}
rNeg    + . .      Spirit   .   y - +1 chain mail of Lata {Int+4}
rPois   .          Reflect  .   H - +2 helmet {Int+3}
rElec   .          Harm     .   R - scarf {shadows}
rCorr   .          Rampage  .   l - +0 pair of gloves
Will    ++...                   D - +0 pair of boots
Stlth   ..........              (no amulet)
HPRegen 0.32/turn               X - ring of willpower
MPRegen 0.21/turn               e - ring of Ucishah {Wiz Str+2 Dex+4}

@: lethally poisoned (-2 -> -21), under a protective aura, studying Bows
A: high mp 1, forlorn, divine attributes, hooves 1, frail 1
}: 1/15 runes: gossamer
a: no special abilities


You were on level 4 of the Swamp.
You visited 6 branches of the dungeon, and saw 27 of its levels.
You also visited: Volcano.

You collected 2978 gold pieces.
You spent 1335 gold pieces at shops.

Inventory:

Hand Weapons
 a - a +3 demon whip of flaming
 b - a +3 eveningstar of protection (weapon)
 f - a +4 mace of freezing
 o - a +2 flail of draining
 x - a +1 vampiric broad axe
Missiles
 d - 60 poisoned darts
 k - 12 javelins
 r - 14 boomerangs (quivered)
 s - 3 curare-tipped darts
 B - 8 atropa-tipped darts
 J - 22 stones
 L - 3 throwing nets
 V - 22 sling bullets
Armour
 l - a +0 pair of gloves (worn)
 v - a +0 buckler of positive energy (worn)
 y - the +1 chain mail of Lata (worn) {Int+4}
   (You found it on level 9 of the Dungeon)

   Int:       It affects your intelligence (+4).
 D - a +0 pair of boots (worn)
 H - a +2 helmet of intelligence (worn)
 R - a scarf of shadows (worn)
Jewellery
 c - a ring of poison resistance
 e - the ring of Ucishah (right hand) {Wiz Str+2 Dex+4}
   (You bought it in a shop on level 2 of the Orcish Mines)

   [ring of wizardry]

   It improves your spell success rate.
   Str:       It affects your strength (+2).
   Dex:       It affects your dexterity (+4).
 h - a +6 ring of strength
 K - a ring of see invisible
 P - a ring of protection from fire
 X - a ring of willpower (left hand)
Wands
 g - a wand of polymorph (14)
 w - a wand of iceblast (7)
 Q - a wand of flame (40)
 T - a wand of mindburst (13)
 Z - a wand of digging (4)
Scrolls
 i - a scroll of magic mapping
 I - a scroll of identify
 M - 5 scrolls of fog
 S - 4 scrolls of teleportation
Potions
 n - 5 potions of cancellation
 p - 2 potions of brilliance
 t - 7 potions of flight
 A - a potion of invisibility
 C - 7 potions of ambrosia
 E - 3 potions of attraction
 F - a potion of lignification
 N - a potion of magic
 Y - 3 potions of resistance
Miscellaneous
 u - a phial of floods
 z - a piece from Xom's chessboard (15/15)
 O - a tin of tremorstones (2/2)


   Skills:
 + Level 13.5 Fighting
 - Level 1.0 Long Blades
 - Level 16.0 Maces & Flails
 - Level 0.8 Polearms
 - Level 2.6(4.0) Slings
 - Level 0.8 Bows
 - Level 0.9 Crossbows
 - Level 4.5(5.0) Throwing
 + Level 14.8 Armour
 - Level 7.0 Dodging
 - Level 6.0 Stealth
 - Level 5.0 Shields
 - Level 0.9 Unarmed Combat
 - Level 5.0 Spellcasting
 - Level 6.0 Conjurations
 - Level 1.1 Hexes
 * Level 1.7 Summonings
 - Level 0.8 Necromancy
 - Level 0.8 Translocations
 - Level 1.0 Transmutations
 * Level 2.2 Fire Magic
 - Level 0.9 Ice Magic
 * Level 6.0 Air Magic
 - Level 0.8 Earth Magic
 - Level 2.0 Poison Magic
 * Level 5.4 Evocations


You had 8 spell levels left.
You knew the following spells:

 Your Spells              Type           Power      Damage    Failure   Level
a - Shock                 Conj/Air       100%       1d9       1%          1
b - Mephitic Cloud        Conj/Pois/Air  28%        N/A       6%          3
c - Swiftness             Air            35%        N/A       3%          3
d - Airstrike             Air            17%        N/A       12%         4
e - Conjure Flame         Conj/Fire      25%        6-21      8%          3
f - Summon Lightning Spi  Summ/Air       24%        N/A       26%         4

Your spell library contained the following spells:

 Spells                   Type           Power      Damage    Failure   Level
 Magic Dart               Conj           100%       1d8       1%          1
 Searing Ray              Conj           68%        2d6       1%          2
 Scorch                   Fire           32%        2d6       9%          2
 Animate Skeleton         Necr           20%        N/A       10%         1
 Pain                     Necr           40%        1d6       10%         1
 Call Imp                 Summ           14%        N/A       11%         2
 Call Canine Familiar     Summ           14%        N/A       21%         3
 Ignite Poison            Fire/Tmut/Pois 14%        N/A       21%         3
 Portal Projectile        Hex/Tloc       20%        N/A       26%         3
 Flame Wave               Conj/Fire      25%        2d6       26%         4
 Sticky Flame             Conj/Fire      25%        2d5       26%         4
 Vampiric Draining        Necr           10%        2d6       28%         3
 Fulminant Prism          Conj/Hex       11%        3d9       32%         4
 Olgreb's Toxic Radiance  Pois           15%        N/A       50%         4
 Freezing Cloud           Conj/Ice/Air   13%        6-21      52%         5
 Leda's Liquefaction      Hex/Erth       5%         N/A       63%         4
 Alistair's Intoxication  Tmut/Pois      8%         N/A       87%         5
 Summon Forest            Summ/Tloc      6%         N/A       89%         5
 Borgnjor's Vile Clutch   Necr/Erth      5%         N/A       92%         5
 Eringya's Noxious Bog    Tmut/Pois      6%         N/A       100%        6
 Simulacrum               Ice/Necr       5%         N/A       100%        6
 Summon Cactus Giant      Summ           7%         N/A       100%        6
 Ozocubu's Refrigeration  Ice            5%         4d6       100%        7
 Storm Form               Tmut/Air       11%        N/A       100%        7
 Ignition                 Fire           8%         3d5       100%        8
 Infestation              Necr           5%         N/A       100%        8
 Maxwell's Capacitive Co  Air            17%        ∞         100%        8
 Polar Vortex             Ice            5%         N/A       100%        9


Dungeon Overview and Level Annotations

Branches:
Dungeon (10/15)            Temple (1/1) D:6            Lair (6/6) D:8
  Swamp (4/4) Lair:2       Spider (4/4) Lair:4        Slime (0/5) Lair:5
    Orc (2/2) D:10            Elf (0/3) Orc:2       Volcano (visited)

Shops:
D:4 *   D:7 ?   D:8 *   Orc:2 =(*!

Portals:
Pandemonium: Orc:2

Annotations:
D:1 clr
D:2 clr
D:3 clrclr
D:4 clr
D:5 clr
D:6 clr
D:7 clr
D:8 clr
D:10 clr
Lair:1 clr
Lair:2 clr
Lair:3 3 runed translucent doors, clr, enile's ghost, journeyman TrMo
Lair:4 clr
Lair:5 clr
Lair:6 clt
Swamp:1 1 runed translucent door, ALWAYSlose's ghost, journeyman HOBe
Swamp:2 2 transporters, Jenidogu's ghost, adept GrSu
Swamp:3 clr
Swamp:4 Aizul
Spider:1 Roxanne
Spider:2 clt
Spider:3 clr
Spider:4 clr, got rune
Orc:1 clr
Orc:2 3 runed translucent doors, clr, shoop's ghost, journeyman KoBe


Innate Abilities, Weirdness & Mutations

You have an increased reservoir of magic. (+10% MP)
You shall have no god before yourself.
Your divine heritage dramatically boosts your attributes as you level up.
You have large cloven feet.
You are frail. (-10% HP)


Message History

Your +0 pair of boots melds into your body.
The +1 chain mail of Lata {Int+4} melds into your body.
The dungeon's light returns to normal.
You feel stupid.
Your roots penetrate the ground.
* * * LOW HITPOINT WARNING * * *
You feel very sick.
Aizul coils herself and waves her upper body at you.
You easily resist.
Okay, then.
Unknown command.
Unknown command.
Okay, then.
Unknown command.
Your magical effects are unravelling.
You feel magically purged.
You feel less wooden.
Your scarf of shadows unmelds from your body.
Your +2 helmet of intelligence unmelds from your body.
Your +0 pair of gloves unmelds from your body.
Your +0 pair of boots unmelds from your body.
The +1 chain mail of Lata {Int+4} unmelds from your body.
It gets dark.
You feel clever.
You feel yourself slow down.
* * * LOW HITPOINT WARNING * * *
You feel very sick.
Aizul coils herself and waves her upper body at you.
You block the poison arrow.
Unknown command.
Unknown command.
Okay, then.
Unknown command.
Okay, then.
Unknown command.
Unknown command.
Blink to where?
Press: ? - help, Dir - move target, p - Aizul
As you read the scroll of blinking, it crumbles to dust.
You die...

,≈** ≈,** *** ,,,***,***
,,,,*≈,,,** ,,,≈≈,,,,,*
,,,,,,,,,** ,,.≈.≈,≈≈*
♣♣♣♣♣♣♣♣♣ ,,...≈.,**
♣♣♣≈≈≈≈≈.<♣ ≈,≈≈§..**
♣≈≈§≈@≈≈≈.♣ ,,≈§..(♣♣♣
♣.≈≈≈≈≈≈≈.♣♣♣♣♣♣
,≈≈.♣§≈.≈♣♣♣≈≈≈≈≈≈≈≈≈.♣♣..♣♣
,,.≈......♣≈♣≈≈≈≈.§§≈......♣
≈**,*#.≈.≈S§≈...≈≈≈≈≈≈.....♣♣
**,,,##♣≈.≈8♣≈§♣♣.≈≈≈≈.≈≈≈..♣
*^,,,,*#≈≈.♣♣♣♣♣♣.≈≈≈§.≈≈≈..♣
,,,,,,,#♣♣≈♣♣ ♣♣♣..≈≈≈....♣♣♣
,,,,,,,**#≈÷♣♣♣≈≈♣♣.≈...♣♣♣


You could see Aizul (ally target) and a friendly lightning spire (summoned).

Vanquished Creatures
  Mara (Spider:4)
  Bai Suzhen (Swamp:3)
  Mlioglotl (Swamp:2)
  Gastronok (D:9)
  A thorn hunter (Swamp:2)
  5 ghost moths
  4 emperor scorpions
  3 eleionomae
  Nessos (Lair:4)
  3 entropy weavers (Spider:3)
  A red draconian (Volcano)
  4 bunyips
  A dire elephant (Lair:6)
  3 spark wasps
  The ghost of mitch45678 the Cleaver, a journeyman MiSu of Okawaru (D:9)
  The ghost of Pooter the Cleaver, a journeyman MiFi (D:10)
  21 hydras
  Harold (D:8)
  3 boulder beetles
  2 ghost crabs
  An ogre mage (Volcano)
  A centaur warrior (D:8)
  A merfolk avatar (Lair:6)
  A catoblepas (Lair:6)
  2 demonspawn
  5 two-headed ogres
  6 alligators
  7 orc high priests (Orc:2)
  Urug (Lair:1)
  9 death yaks
  A soul eater (Orc:2)
  Sonja (Lair:1)
  Nergalle (Lair:1)
  A sea snake (Lair:6)
  A death drake (shapeshifter) (D:10)
  A goliath frog (Swamp:2)
  10 swamp dragons
  A spriggan druid (Swamp:4)
  2 bog bodies
  Pikel (D:7)
  4 orc knights
  A deep elf archer (D:10)
  18 orb spiders
  3 harpies
  5 will-o-the-wisps
  37 wolf spiders
  An oklob plant (Lair:6)
  8 orc sorcerers
  A faun (shapeshifter) (D:9)
  13 elephants
  7 moths of wrath
  4 black mambas
  2 torpor snails (Spider:3)
  10 cane toads
  Psyche (D:8)
  6 rime drakes
  13 komodo dragons
  14 demonic crawlers
  Maggie (D:7)
  2 freezing wraiths (D:9)
  An ice devil (Orc:1)
  3 trolls
  A red devil (Orc:2)
  25 jumping spiders
  A wind drake (Lair:6)
  8 tyrant leeches
  The ghost of SensoryNuts the Skirmisher, an amateur DsFi (D:4)
  8 hornets
  2 polar bears
  A slime creature (D:9)
  35 blink frogs
  5 dream sheep (Lair:4)
  60 redbacks
  5 spriggans
  28 tarantellas
  2 wraiths
  5 wyverns
  2 shadows (D:9)
  A ynoxinul (Orc:2)
  28 yaks
  Eustachio (D:5)
  8 fire bats (Volcano)
  3 steam dragons
  3 basilisks
  3 vampire mosquitoes (Swamp:1)
  8 swamp worms
  2 wargs (D:10)
  Menkaure (D:7)
  Edmund (D:4)
  Duvessa (D:5)
  2 acid dragons (D:9)
  21 water moccasins
  2 ice beasts
  2 black bears
  2 hell hounds (Lair:1)
  11 swamp drakes
  A sky beast (D:4)
  A necrophage (D:5)
  27 orc warriors
  2 centaurs
  9 ogres
  42 wolves
  A lemure (D:7)
  18 bullfrogs
  6 kobold brigands
  3 scorpions
  A wyvern zombie (D:8)
  A gnoll sergeant (D:6)
  Dowan (D:5)
  2 water moccasin skeletons
  7 killer bees
  12 wights
  5 electric eels
  2 howler monkeys
  4 centaur zombies
  9 lava snakes (Volcano)
  8 hounds
  A centaur skeleton (D:6)
  A jelly (D:8)
  2 gnoll shamans
  27 orc priests
  4 iguanas
  Jessica (D:2)
  18 orc wizards
  Natasha (twice) (D:3)
  A howler monkey zombie (D:7)
  Robin (D:3)
  13 gnolls
  8 adders
  2 white imps
  A worm (D:3)
  5 dart slugs
  67 orcs
  11 ball pythons
  8 bats
  5 endoplasms
  3 giant cockroaches
  18 goblins
  4 hobgoblins
  2 jackals (D:1)
  48 kobolds
  4 quokkas
  A frilled lizard (D:2)
  6 rats
983 creatures vanquished.

Vanquished Creatures (collateral kills)
  A hydra (Swamp:4)
  A jumping spider (Spider:2)
  Sigmund (D:2)
  A yak (D:8)
  2 redbacks
  2 tarantellas
  A black bear (D:5)
  A gnoll (D:5)
10 creatures vanquished.

Vanquished Creatures (others)
  A spriggan druid (Swamp:3)
  An elephant (Lair:6)
  3 bloated husks
  A yak (D:8)
  A lava snake (Volcano)
  An orc wizard (D:8)
  A gnoll (D:5)
  A bush (Lair:6)
  30 foxfires
  82 fungi
  178 plants
300 creatures vanquished.

Grand Total: 1293 creatures vanquished

Notes
Turn   | Place    | Note
-------+----------+-------------------------------------------
     0 | D:1      | Snarg the Demigod Wanderer began the quest for the Orb.
     0 | D:1      | Snarg set off with the following items: a +2 hunting sling,
                  | 20 sling bullets, a +0 mace, 10 poisoned darts, a +0
                  | dagger, a +0 robe
     0 | D:1      | Reached XP level 1. HP: 16/16 MP: 3/3
   365 | D:1      | Reached skill level 4 in Maces & Flails
   365 | D:1      | Reached XP level 2. HP: 19/23 MP: 4/4
  1065 | D:2      | Noticed Jessica
  1178 | D:2      | Killed Jessica
  1179 | D:2      | Reached XP level 3. HP: 29/29 MP: 5/5
  1242 | D:2      | Reached skill level 1 in Stealth
  1691 | D:1      | Reached XP level 4. HP: 13/37 MP: 6/6
  1979 | D:2      | Reached skill level 1 in Dodging
  2137 | D:2      | Noticed Sigmund
  3182 | D:3      | Reached skill level 1 in Armour
  3350 | D:3      | Noticed Robin
  3359 | D:3      | Reached XP level 5. HP: 28/45 MP: 7/7
  3367 | D:3      | Killed Robin
  3695 | D:3      | Noticed Natasha
  3700 | D:3      | Killed Natasha
  4547 | D:3      | Noticed Natasha
  4551 | D:3      | Killed Natasha
  4813 | D:4      | Noticed SensoryNuts's ghost (amateur DsFi)
  4813 | D:4      | Noticed a sky beast
  4813 | D:4      | Found a transporter.
  4813 | D:4      | Found a transporter.
  4827 | D:4      | Noticed Edmund
  4898 | D:4      | Noticed an ogre
  4912 | D:4      | Killed an ogre
  4913 | D:4      | Reached XP level 6. HP: 33/52 MP: 8/8
  5122 | D:4      | HP: 2/52 [iguana (11)]
  5451 | D:4      | Noticed a steam dragon
  5533 | D:5      | Entered Level 5 of the Dungeon
  5772 | D:4      | Found Agrut's Assorted Antiques.
  5788 | D:4      | Reached skill level 5 in Maces & Flails
  5986 | D:2      | Killed Sigmund
  5987 | D:2      | Reached XP level 7. HP: 47/59 MP: 9/9
  6591 | D:5      | Gained mutation: Your system is resistant to poisons.
                  | (rPois) [potion of mutation]
  6591 | D:5      | Gained mutation: Your body sometimes deteriorates upon
                  | taking damage. [potion of mutation]
  6591 | D:5      | Gained mutation: You possess an exceptional clarity of
                  | mind. [potion of mutation]
  6875 | D:5      | Reached skill level 6 in Maces & Flails
  7106 | D:5      | Noticed Dowan
  7112 | D:5      | Killed Dowan
  7112 | D:5      | Noticed Duvessa
  7203 | D:5      | Killed Duvessa
  7396 | D:5      | Upgraded the game from 0.28-a0-1190-g77e1c55843 to
                  | 0.28-a0-1199-gef9e1dbd39
  7474 | D:5      | You fall into a shaft and drop 2 floors!
  7539 | D:5      | Reached XP level 8. HP: 61/66 MP: 10/10
  8179 | D:5      | Noticed Eustachio
  8227 | D:5      | Killed Eustachio
  8228 | D:5      | Reached skill level 7 in Maces & Flails
  9305 | D:6      | Reached skill level 8 in Maces & Flails
 10184 | D:6      | Found a staircase to the Ecumenical Temple.
 10196 | Temple   | Entered the Ecumenical Temple
 10695 | D:7      | Found Nyefeow's Magic Scroll Emporium.
 10881 | D:6      | Reached XP level 9. HP: 60/70 MP: 11/11
 11041 | D:7      | Reached skill level 9 in Maces & Flails
 11256 | D:7      | Noticed Pikel
 11267 | D:7      | Killed Pikel
 11452 | D:7      | Noticed Maggie
 11497 | D:7      | Bought a scroll of teleportation for 42 gold pieces
 11497 | D:7      | Bought a scroll of fog for 28 gold pieces
 11497 | D:7      | Bought a scroll of identify for 28 gold pieces
 11529 | D:7      | Noticed Menkaure
 11537 | D:7      | Killed Menkaure
 11538 | D:7      | Reached skill level 10 in Maces & Flails
 11538 | D:7      | Reached skill level 1 in Evocations
 12074 | D:4      | Killed Edmund
 12445 | D:4      | Learned a level 1 spell: Shock
 12467 | D:4      | Bought a runed broad axe for 161 gold pieces
 12559 | D:4      | Killed SensoryNuts's ghost
 12680 | D:8      | Found Adicaes's Assorted Antiques.
 12704 | D:8      | Reached skill level 1 in Spellcasting
 12712 | D:8      | Reached skill level 1 in Air Magic
 12753 | D:8      | Reached skill level 1 in Conjurations
 13010 | D:8      | Found a staircase to the Lair.
 13176 | D:8      | Reached skill level 11 in Maces & Flails
 13176 | D:8      | Reached XP level 10. HP: 50/80 MP: 14/14
 13217 | D:8      | Noticed Psyche
 13355 | D:8      | Noticed a centaur warrior
 13637 | D:8      | Killed Psyche
 13638 | D:8      | Reached skill level 5 in Fighting
 14098 | D:8      | Noticed Harold
 14413 | Lair:1   | Entered Level 1 of the Lair of Beasts
 14595 | Lair:1   | Reached skill level 12 in Maces & Flails
 14702 | Lair:1   | Noticed Urug
 14716 | Lair:1   | Killed Urug
 14768 | Lair:1   | Noticed Sonja
 14770 | Lair:1   | Killed Sonja
 14888 | Lair:1   | Found a dark tunnel.
 14906 | Volcano  | Entered a volcano
 15465 | Volcano  | Reached XP level 11. HP: 79/90 MP: 15/15
 15747 | Volcano  | Noticed a two-headed ogre
 15761 | Volcano  | Noticed a two-headed ogre
 15761 | Volcano  | Noticed a two-headed ogre
 15831 | Volcano  | Killed a two-headed ogre
 16034 | Volcano  | Killed a two-headed ogre
 16035 | Volcano  | Reached skill level 13 in Maces & Flails
 16176 | Volcano  | Noticed a red draconian
 16182 | Volcano  | Noticed an ogre mage
 16218 | Volcano  | Killed a two-headed ogre
 16230 | Volcano  | Killed a red draconian
 16586 | Volcano  | Killed an ogre mage
 16728 | Lair:1   | Noticed Nergalle
 16783 | Lair:1   | Learned a level 3 spell: Mephitic Cloud
 17666 | Lair:2   | Reached skill level 5 in Armour
 17700 | Lair:1   | Reached skill level 1 in Poison Magic
 17803 | Lair:2   | Learned a level 3 spell: Swiftness
 17903 | Lair:2   | Reached skill level 14 in Maces & Flails
 18787 | Lair:2   | Reached skill level 5 in Dodging
 19017 | Lair:2   | Reached XP level 12. HP: 100/100 MP: 18/18
 19182 | Lair:2   | Found a staircase to the Swamp.
 19544 | Lair:3   | Noticed a seven-headed hydra
 20845 | D:9      | Noticed Gastronok
 20942 | D:9      | Found a runed translucent gate.
 20942 | D:9      | Found a runed translucent gate.
 20942 | D:9      | Found a runed translucent gate.
 21121 | D:9      | Noticed mitch45678's ghost (journeyman MiSu)
 21856 | D:10     | Entered Level 10 of the Dungeon
 22233 | D:10     | Found a runed translucent gate.
 22233 | D:10     | Found a runed translucent gate.
 22233 | D:10     | Found a runed translucent gate.
 22237 | D:10     | Noticed Pooter's ghost (journeyman MiFi)
 22430 | D:10     | Found a staircase to the Orcish Mines.
 22698 | D:10     | Reached skill level 1 in Shields
 23386 | Lair:3   | Noticed enile's ghost (journeyman TrMo)
 23527 | Lair:3   | Killed a seven-headed hydra
 23833 | Lair:3   | Upgraded the game from 0.28-a0-1199-gef9e1dbd39 to
                  | 0.28-a0-1206-g193881aaa2
 24086 | Lair:3   | Found a runed translucent gate.
 24086 | Lair:3   | Found a runed translucent gate.
 24087 | Lair:3   | Found a runed translucent gate.
 24145 | Lair:3   | Noticed a six-headed hydra
 24927 | Lair:3   | Killed a six-headed hydra
 24928 | Lair:3   | Reached skill level 15 in Maces & Flails
 25457 | Lair:4   | Noticed Nessos
 26116 | Lair:4   | Killed Nessos
 26117 | Lair:4   | Reached XP level 13. HP: 44/105 MP: 19/19
 27722 | Lair:4   | Found a hole to the Spider Nest.
 28392 | Lair:5   | Got the Papyrus of the Glacier and Sinister Rites
 29826 | Lair:5   | Found a staircase to the Slime Pits.
 29875 | Lair:5   | Reached skill level 16 in Maces & Flails
 29898 | Lair:5   | Reached skill level 5 in Conjurations
 30540 | Lair:6   | Entered Level 6 of the Lair of Beasts
 30619 | Lair:6   | Noticed a dire elephant
 30850 | Lair:5   | Reached skill level 1 in Summonings
 31193 | Lair:6   | Killed a dire elephant
 31219 | Lair:6   | Reached skill level 1 in Hexes
 31483 | Lair:5   | Reached skill level 1 in Long Blades
 31483 | Lair:5   | Reached skill level 1 in Transmutations
 32048 | Lair:6   | Reached XP level 14. HP: 80/114 MP: 19/22
 33681 | Lair:6   | Reached skill level 5 in Stealth
 34110 | Lair:6   | Identified the +8 short sword of Nehuziuk {holy, MP+9}
 34120 | Lair:6   | Got the Guide on Calling
 34889 | Lair:1   | Killed Nergalle
 34955 | D:7      | Killed Maggie
 35156 | D:8      | Killed Harold
 35250 | D:9      | Killed Gastronok
 35251 | D:9      | Reached skill level 5 in Shields
 35256 | D:9      | Upgraded the game from 0.28-a0-1206-g193881aaa2 to
                  | 0.28-a0-1227-ga9037bb4c8
 35421 | D:10     | Killed Pooter's ghost
 36635 | Orc:1    | Entered Level 1 of the Orcish Mines
 36971 | Orc:2    | Entered Level 2 of the Orcish Mines
 36971 | Orc:2    | Noticed shoop's ghost (journeyman KoBe)
 36971 | Orc:2    | Found a runed translucent gate.
 36971 | Orc:2    | Found a runed translucent gate.
 36971 | Orc:2    | Found a runed translucent gate.
 38004 | Orc:2    | Found Zyewnyuj's Distillery.
 38008 | Orc:2    | Found Diryut's General Store.
 38108 | Orc:1    | Reached skill level 5 in Air Magic
 38792 | Orc:2    | Found a staircase to the Elven Halls.
 40094 | Orc:2    | Reached skill level 10 in Fighting
 40919 | Orc:2    | Reached skill level 10 in Armour
 41127 | Orc:2    | Found Uguad's Jewellery Shop.
 41127 | Orc:2    | Found a one-way gate leading to the halls of Pandemonium.
 41127 | Orc:2    | Found Daphekku's Antique Weapon Boutique.
 41148 | Orc:2    | Bought a glowing demon whip for 432 gold pieces
 41472 | Orc:2    | Bought the ring of Ucishah {Wiz Str+2 Dex+4} for 644 gold
                  | pieces
 41836 | D:9      | Killed mitch45678's ghost
 41862 | D:9      | Identified the +1 chain mail of Lata {Int+4}
 42031 | Spider:1 | Entered Level 1 of the Spider Nest
 42481 | Lair:4   | Reached XP level 15. HP: 128/128 MP: 22/25
 42641 | Swamp:1  | Entered Level 1 of the Swamp
 42780 | Swamp:1  | Noticed ALWAYSlose's ghost (journeyman HOBe)
 42808 | Swamp:1  | Found a runed translucent door.
 42923 | Swamp:1  | Upgraded the game from 0.28-a0-1227-ga9037bb4c8 to
                  | 0.28-a0-1235-g7c8fac35f0
 42928 | Swamp:1  | Learned a level 4 spell: Airstrike
 44334 | Swamp:2  | Found a transporter.
 44338 | Swamp:2  | Noticed Jenidogu's ghost (adept GrSu)
 44388 | Swamp:2  | Reached skill level 5 in Evocations
 44627 | Swamp:2  | Noticed a thorn hunter
 44637 | Swamp:2  | Killed a thorn hunter
 46092 | Swamp:2  | Found a transporter.
 46596 | Swamp:2  | Reached skill level 5 in Spellcasting
 47072 | Swamp:3  | Noticed Mlioglotl
 48364 | Spider:1 | Upgraded the game from 0.28-a0-1235-g7c8fac35f0 to
                  | 0.28-a0-1236-gb25a51b929
 51170 | Spider:1 | Identified Roxanne's Grimoire of Changing
 51170 | Spider:1 | Noticed Roxanne
 51291 | Spider:1 | Identified the +1 robe of Zuoq {+Inv}
 53828 | Spider:3 | Reached XP level 16. HP: 126/138 MP: 27/27
 56341 | Spider:4 | Entered Level 4 of the Spider Nest
 57962 | Spider:4 | Noticed Mara
 58241 | Spider:4 | Noticed Snarg's illusion
 58270 | Spider:4 | Killed Mara
 61442 | Spider:4 | Got a gossamer rune of Zot
 61652 | Lair:1   | Lost mutation: Your body sometimes deteriorates upon taking
                  | damage. [potion of mutation]
 61652 | Lair:1   | Lost mutation: Your system is resistant to poisons. (rPois)
                  | [potion of mutation]
 61652 | Lair:1   | Lost mutation: You possess an exceptional clarity of mind.
                  | [potion of mutation]
 61652 | Lair:1   | Gained mutation: You have large cloven feet. [potion of
                  | mutation]
 61652 | Lair:1   | Gained mutation: You are frail. (-10% HP) [potion of
                  | mutation]
 62220 | Swamp:2  | Killed Mlioglotl
 63632 | Swamp:3  | Learned a level 3 spell: Conjure Flame
 63729 | Swamp:4  | Entered Level 4 of the Swamp
 63864 | Swamp:4  | Reached skill level 1 in Fire Magic
 63922 | Swamp:4  | Noticed Bai Suzhen
 64501 | Swamp:4  | Noticed Aizul
 65139 | Swamp:3  | Killed Bai Suzhen
 65140 | Swamp:3  | Reached XP level 17. HP: 14/135 MP: 28/28
 65890 | Swamp:3  | Learned a level 4 spell: Summon Lightning Spire
 66371 | Swamp:4  | HP: 10/202 [poisoned by Aizul (poison arrow)]
 66372 | Swamp:4  | HP: 2/135 [poisoned by Aizul (poison arrow)]
 66373 | Swamp:4  | Succumbed to Aizul's poison arrow

Illustrated notes

Levels and vault maps discovered:
D:1:      evilmike_arrival_crescent, layout_basic,
          nicolae_ecumenical_lake_church
D:2:      layout_basic, basic_altar, serial_bayou_pond_a, uniq_sigmund,
          uniq_jessica
D:3:      minmay_recursive_quarters, layout_basic, nrook_mini_backslash,
          minmay_distorted, uniq_robin, uniq_natasha
D:4:      layout_rooms, cheibrodos_ashenzari_chains,
          nicolae_overflow_hallway_of_the_gods, gammafunk_ghost_arena,
          serial_shops, shop, nicolae_concentric_dashed_squares_wild,
          uniq_edmund
D:5:      kennysheep_kobold_camp, layout_loops_ring,
          minmay_fractal_squares_gapless_5, uniq_duvessa, uniq_eustachio
D:6:      layout_basic, minmay_temple_entry_fiery
D:7:      layout_basic, serial_shops, nicolae_stop_n_shop_1,
          amcnicky_mini_pool_small, hangedman_abyss_or_decor_stagger,
          uniq_pikel, uniq_menkaure, uniq_maggie
D:8:      layout_loops_ring, mainiacjoe_overflow_cross_hatched,
          erik_lair_island, serial_shops, shop, uniq_harold, uniq_psyche
D:9:      layout_grid_maze, gammafunk_ghost_spectres, corexii_leaking_fountain,
          minmay_bent, uniq_gastronok
D:10:     nzn_winding_woodlands_three_and_one [nzn_winding_woodlands_5x15_cabin,
          nzn_winding_woodlands_5x15_eye, nzn_winding_woodlands_5x15_sawtooth,
          nzn_winding_woodlands_center_diamonds], layout_loops_ring,
          david_orc_1_choice, ebering_ghost_rock_garden
Temple:   regret_index_temple_waves
Lair:1:   layout_chaotic_city, enter_volcano_3, uniq_sonja, uniq_urug,
          uniq_nergalle
Lair:2:   layout_chaotic_city, minmay_swamp_entry_reptiles, grunt_megastairs_1
Lair:3:   layout_long_grid, gammafunk_ghost_icy, serial_bayou_pond_e,
          grunt_megastairs_4
Lair:4:   layout_gridlike, spider_nest_entry_webs, uniq_nessos
Lair:5:   layout_gridlike, slime_altar_1, wad_woods_river_03
Lair:6:   gammafunk_lair_ancient_temple, layout_regular_city
Swamp:1:  layout_basic_swamp, hellmonk_ghost_happy_afterlife,
          evilmike_swamp_ruin_house_3
Swamp:2:  nicolae_swamp_tree_isthmus, layout_basic_swamp,
          gammafunk_ghost_mausoleum, evilmike_swamp_ruin_rubble_1, swamp_pool5
Swamp:3:  layout_basic_swamp, hangedman_swamp_diagram,
          nicolae_swamp_well_well_well, uniq_mlioglotl
Swamp:4:  swamp, layout_basic_swamp, uniq_aizul, uniq_bai_suzhen
Spider:1: cheibrodos_forgotten_conduit, uniq_roxanne
Spider:2: layout_spider_delve, nicolae_spider_jagged_tunnels
Spider:3: layout_spider_delve
Spider:4: grunt_spider_rune_parallel, uniq_mara
Orc:1:    layout_caves
Orc:2:    pf_orc_diabolical, layout_caves, gammafunk_ghost_fury_of_okawaru

Skill      XL: |  1  2  3  4  5  6  7  8  9 10 11 12 13 14 15 16 17 |
---------------+----------------------------------------------------+-----
Maces & Flails | 4 5 6 8 11 12 14 15 16 | 16.0
Fighting       | 2 3 4 6 7 10 11 13 | 13.5
Stealth        | 1 2 3 4 5 6 |  6.0
Dodging        | 1 2 3 4 5 6 7 |  7.0
Armour         | 1 2 4 5 6 8 10 12 14 | 14.8
Throwing       | 2 3 4 |  4.5
Evocations     | 1 2 3 4 5 |  5.4
Spellcasting   | 1 2 3 4 5 |  5.0
Air Magic      | 1 2 3 4 5 6 |  6.0
Conjurations   | 1 2 3 4 5 6 |  6.0
Poison Magic   | 2 |  2.0
Shields        | 3 4 5 |  5.0
Summonings     | 1 |  1.7
Hexes          | 1 |  1.1
Long Blades    | 1 |  1.0
Transmutations | 1 |  1.0
Fire Magic     | 1 2 |  2.2
Polearms       | |  0.8
Slings         | |  2.6
Bows           | |  0.8
Crossbows      | |  0.9
Unarmed Combat | |  0.9
Necromancy     | |  0.8
Translocations | |  0.8
Ice Magic      | |  0.9
Earth Magic    | |  0.8

Action                   |  1- 3 |  4- 6 |  7- 9 | 10-12 | 13-15 | 16-18 || total
-------------------------+-------+-------+-------+-------+-------+-------++-------
Melee: Mace              |    68 |   143 |   317 |   103 |    71 |    11 ||   713
       Whip              |       |    30 |    22 |   192 |    31 |       ||   275
       Dagger            |       |       |    11 |     3 |       |       ||    14
       Dire flail        |       |       |    80 |   258 |       |       ||   338
       Morningstar       |       |       |    46 |       |       |       ||    46
       Broad axe         |       |       |     2 |    73 |    34 |    22 ||   131
       Eveningstar       |       |       |       |   225 |   888 |   605 ||  1718
       Flail             |       |       |       |       |    85 |     5 ||    90
       Demon whip        |       |       |       |       |   561 |   263 ||   824
 Fire: Hunting sling     |    41 |    92 |    94 |    20 |       |       ||   247
       Fustibalus        |       |       |       |    50 |   102 |       ||   152
Throw: Dart              |     6 |     9 |    52 |   123 |   233 |   159 ||   582
       Stone             |     6 |       |    13 |     4 |       |       ||    23
       Boomerang         |       |       |       |     4 |    93 |    61 ||   158
       Javelin           |       |       |       |       |     2 |     1 ||     3
       Throwing net      |       |       |       |       |     1 |     1 ||     2
 Cast: Shock             |       |       |       |     6 |     4 |       ||    10
       Mephitic Cloud    |       |       |       |    19 |   187 |    35 ||   241
       Swiftness         |       |       |       |       |     1 |     1 ||     2
       Airstrike         |       |       |       |       |     2 |     4 ||     6
       Summon Lightning  |       |       |       |       |       |     4 ||     4
Evoke: Wand              |       |       |    11 |    12 |    14 |    16 ||    53
       Piece from Xom's  |       |       |       |     2 |     2 |       ||     4
       Tin of tremorston |       |       |       |     1 |     4 |     2 ||     7
  Use: Scroll            |       |     9 |     8 |    11 |     6 |    11 ||    45
       Potion            |       |     3 |     3 |     7 |     7 |    24 ||    44
 Stab: Sleeping          |     1 |       |     3 |     4 |       |       ||     8
       Invisible         |       |       |       |     3 |       |       ||     3
       Confused          |       |       |       |     9 |   106 |    21 ||   136
       Distracted        |       |       |       |     1 |       |     2 ||     3
       Held in net/web   |       |       |       |       |     3 |     3 ||     6
Armor: Robe              |    13 |       |       |       |       |       ||    13
       Leather armour    |    10 |    53 |   156 |   177 |       |       ||   396
       Skin              |       |    12 |     5 |     2 |       |       ||    19
       Scale mail        |       |       |       |    63 |   240 |       ||   303
       Chain mail        |       |       |       |       |   381 |   669 ||  1050
Dodge: Dodged            |    50 |   117 |   232 |   659 |   824 |   511 ||  2393
Block: Buckler           |       |       |       |    58 |   318 |   255 ||   631

Table legend: (Time is in decaauts)
 A = Elapsed time spent in this place.
 B = Non-inter-level travel time spent in this place.
 C = Inter-level travel time spent in this place.
 D = Time resting spent in this place.
 E = Time spent auto-exploring this place.
 F = Levels seen in this place.
 G = Mean time per level.
                   A        B        C        D        E       F      G
               +--------+--------+--------+--------+--------+-----+--------+
         Total |  65563 |  56781 |   8782 |  24912 |  18784 |  28 | 2341.5 |
       Dungeon |  20427 |  17955 |   2472 |   4536 |   9265 |  10 | 2042.7 |
        Temple |    128 |     75 |     53 |      0 |     60 |   1 |  128.0 |
          Lair |  19077 |  15217 |   3860 |   7487 |   4079 |   6 | 3179.5 |
         Swamp |   9118 |   7782 |   1336 |   4629 |   1448 |   4 | 2279.5 |
   Spider Nest |  10514 |   9969 |    545 |   5357 |   2686 |   4 | 2628.5 |
  Orcish Mines |   4552 |   4037 |    515 |   1872 |    987 |   2 | 2276.0 |
       Volcano |   1743 |   1743 |      0 |   1028 |    258 |   1 | 1743.0 |
               +--------+--------+--------+--------+--------+-----+--------+

Top non-repeatable levels by time:
  Lair:4: 6225 daAuts
Spider:3: 4545 daAuts
 Swamp:2: 4194 daAuts
  Lair:2: 3005 daAuts
  Lair:5: 2984 daAuts
     D:9: 2929 daAuts
Spider:4: 2908 daAuts
     D:5: 2818 daAuts
   Orc:2: 2818 daAuts
    D:10: 2584 daAuts
  Lair:3: 2407 daAuts
  Lair:6: 2371 daAuts
 Swamp:3: 2360 daAuts
     D:2: 2222 daAuts
     D:6: 2125 daAuts
